 Dungeon Crawl Stone Soup version 0.31.0-32-g396128a36d (webtiles) character file.

Game seed: 13897172203180084204

153458 Morkon the Hermetic (level 18, -3/133 HPs)
             Began as a Djinni Conjurer on Apr 10, 2024.
             Was the Champion of Qazlal.
             Killed from afar by Nikola (57 damage)
             ... with an arc of chain lightning
             ... on level 3 of the Spider Nest on Apr 11, 2024.
             The game lasted 03:11:16 (31850 turns).

Morkon the Hermetic (Djinni Conjurer)              Turns: 31850, Time: 03:11:17

Health: -3/133     AC: 13    Str:  6    XL:     18   Next: 23%
Gold:   197        EV: 13    Int: 42    God:    Qazlal [******] SH: 14 Dex:  9

rFire   + + .        W - staff "Wyaruck" {Fly rC+ Int+5 Dex-5 SInv Ice}
rCold   . . .        l - +0 buckler of Bynuak {^Contam rElec Int+5 Slay+2}
rNeg    . . .        B - +0 troll leather armour
rPois   ∞            y - +0 helmet
rElec   +            N - +0 cloak {rCorr}
rCorr   +            F - +0 pair of gloves
SInv    +            (boots unavailable)
Will    +....        t - amulet of the acrobat
Stlth   +            f - +4 ring of protection
HPRegen 1.22/turn    R - +6 ring of intelligence
MPRegen 0.00/turn

%: repel missiles, acrobat, infuse magic (-4 HP)
@: about to teleport, flying, studying Alchemy
A: sickness immunity, fire resistance 2, cold vulnerability 1, float, innate
caster, HP casting, extra vitality 1
a: Renounce Religion, Upheaval, Elemental Force, Disaster Area


You were on level 3 of the Spider Nest.
You worshipped Qazlal.
Qazlal was exalted by your worship.
You visited 4 branches of the dungeon, and saw 25 of its levels.

You collected 2045 gold pieces.
You spent 1848 gold pieces at shops.

Inventory:

Missiles
 k - 21 poisoned darts
 z - 7 atropa-tipped darts
 S - 5 curare-tipped darts
 U - a throwing net
Armour
 l - the +0 buckler of Bynuak (worn) {^Contam rElec Int+5 Slay+2}
   (You bought it in a shop on level 2 of the Orcish Mines)

   Int+5:     It affects your intelligence (+5).
   Slay+2:    It affects your accuracy & damage with ranged weapons and melee
   (+2).
   rElec:     It insulates you from electricity.
   ^Contam:   It causes magical contamination when unequipped.
 p - a +2 robe of resistance
 y - a +0 helmet (worn)
 A - a +1 leather armour of positive energy
 B - a +0 troll leather armour (worn)
 F - a +0 pair of gloves (worn)
 I - a +2 robe of willpower
 N - a +0 cloak of preservation (worn)
Magical Staves
 W - the staff "Wyaruck" (weapon) {Fly rC+ Int+5 Dex-5 SInv Ice}
   (You found it on level 13 of the Dungeon)

   [staff of cold]

   Base accuracy: +5 Base damage: 5 Base attack delay: 1.2 This weapon's minimum
   attack delay (0.6) is reached at skill level 12.
   Int+5:     It affects your intelligence (+5).
   Dex-5:     It affects your dexterity (-5).
   rC+:       It protects you from cold.
   SInv:      It lets you see invisible.
   Fly:       It grants you flight.
   Ice:       It increases the power of your Ice spells.
   It falls into the 'Staves' category.
   It is a one-handed weapon.
Jewellery
 f - a +4 ring of protection (left hand)
 t - an amulet of the acrobat (around neck)
 J - a ring of protection from cold
 K - the ring of the Hurtling Jester {Str+2 Dex+6}
   (You took it off an orc wizard on level 9 of the Dungeon)

   [ring of dexterity]

   Str+2:     It affects your strength (+2).
   Dex+6:     It affects your dexterity (+6).
 R - a +6 ring of intelligence (right hand)
Wands
 b - a wand of acid (10)
 w - a wand of flame (50)
 H - a wand of charming (9)
 Q - a wand of roots (7)
 X - a wand of mindburst (3)
Scrolls
 a - 7 scrolls of fog
 g - 9 scrolls of teleportation
 j - 4 scrolls of enchant weapon
 q - 2 scrolls of blinking
 u - 4 scrolls of fear
 v - 5 scrolls of poison
 x - 5 scrolls of immolation
 D - a scroll of brand weapon
 E - 7 scrolls of vulnerability
 L - 4 scrolls of revelation
 O - 4 scrolls of enchant armour {unknown}
 V - 2 scrolls of silence
Potions
 c - 2 potions of haste
 d - 4 potions of heal wounds
 h - a potion of ambrosia {unknown}
 i - 3 potions of enlightenment
 m - 3 potions of invisibility
 n - 2 potions of resistance
 o - 4 potions of lignification
 r - 7 potions of curing
 s - 4 potions of cancellation
 C - 5 potions of berserk rage
 G - 4 potions of brilliance
 M - a potion of experience {unknown}
 P - 3 potions of mutation
 T - 3 potions of might
Miscellaneous
 e - a lightning rod (4/4)


   Skills:
 + Level 13.4 Fighting
 - Level 12.4 Armour
 + Level 9.3 Dodging
 - Level 1.5 Stealth
 + Level 9.2 Shields
 * Level 16.2 Spellcasting
 * Level 16.2 Conjurations
 * Level 16.2 Hexes
 * Level 16.2 Summonings
 * Level 16.2 Necromancy
 * Level 16.2 Translocations
 * Level 16.2 Fire Magic
 * Level 16.2 Ice Magic
 * Level 16.2 Air Magic
 * Level 16.2 Earth Magic
 * Level 19.8 Alchemy
 - Level 12.0 Invocations
 + Level 7.8 Evocations


You knew the following spells:

 Your Spells              Type           Power      Damage    Failure   Level
a - Orb of Destruction    Conj           53%        9d13      1%          7
b - Searing Ray           Conj           100%       2d8       0%          2
c - Fulminant Prism       Conj/Alch      55%        3d24      0%          4
d - Iskenderun's Mystic   Conj/Tloc      100%       2d19      1%          4
e - Frozen Ramparts       Ice            100%       1d16      0%          3
f - Lee's Rapid Deconstr  Erth           53%        3d25*     1%          5
g - Static Discharge      Conj/Air       100%       3-8/arc   0%          2
h - Starburst             Conj/Fire      53%        6d14      1%          6
i - Martyr's Knell        Necr/Summ      100%       N/A       1%          4
j - Magic Dart            Conj           100%       1d8       0%          1
k - Shock                 Conj/Air       100%       1d9       0%          1
n - Animate Dead          Necr           100%       N/A       1%          4
Your spell library was empty.

Dungeon Overview and Level Annotations

Branches:
Dungeon (15/15)            Temple (0/1) D:7            Lair (5/5) D:11
  Swamp (0/4) Lair:3       Spider (3/4) Lair:3        Slime (0/5) Lair:5
    Orc (2/2) D:11            Elf (0/3) Orc:2        Vaults (0/5) D:13
 Depths (0/4) D:15

Altars:
Ashenzari
Gozag
Nemelex Xobeh
Qazlal
Xom
Zin
The Shining One
Jiyva
Lugonu

Shops:
D:4 :   D:14 *   Orc:1 ?   Orc:2 ?*[[

Portals:
Abyss: Lair:5

Annotations:
D:11 2 transporters, Consumeair16's ghost, journeyman OnGl
Lair:3 2 transporters, exclusion: ice statue, jimmypageman's ghost, journeyman MiFi
Spider:3 Nikola


Innate Abilities, Weirdness & Mutations

You are immune to sickness and miasma.
You are immune to poison.
Your flesh is very heat resistant. (rF++)
You are vulnerable to cold. (rC-)
You float through the air rather than walking.
You learn spells naturally, not from books.
Your magical power is your life essence.
You have superior vitality. (+4 MHP)


Message History

A rock wall.
The wall shatters!
The blast of rock fragments hits the boulder beetle.
The boulder beetle is almost dead.
The boulder beetle hits you!!
The boulder beetle stops rolling and uncurls.
Casting: Lee's Rapid Deconstruction (safe; 1% risk of failure)
Confirm with . or Enter, or press ? or * to list all spells.
You erupt in a blast of force!
The mystic blast hits the boulder beetle!
You kill the boulder beetle!
Qazlal accepts your kill.
A freezing mist starts to gather...
A boulder beetle simulacrum comes into view.
Casting: Iskenderun's Mystic Blast (safe; 1% risk of failure)
Confirm with . or Enter, or press ? or * to list all spells.
You erupt in a blast of force!
The mystic blast hits the jumping spider simulacrum!!
The jumping spider simulacrum is almost destroyed.
The jumping spider simulacrum is knocked back by the mystic blast.
The jumping spider simulacrum slams into the rock wall!
The jumping spider simulacrum vaporises!
The mystic blast hits the boulder beetle simulacrum but does no damage.
Unknown command.
Casting: Iskenderun's Mystic Blast (safe; 1% risk of failure)
Confirm with . or Enter, or press ? or * to list all spells.
You erupt in a blast of force!
The mystic blast hits the boulder beetle simulacrum!
The boulder beetle simulacrum is moderately damaged.
The boulder beetle simulacrum is knocked back by the mystic blast.
You feel much better.
As you read the scroll of teleportation, it crumbles to dust.
You feel strangely unstable.
The boulder beetle simulacrum bites you!
The boulder beetle simulacrum freezes you!
Nikola is engulfed in freezing vapours.
Nikola casts a spell.
Lightning arcs from Nikola's hands!
The bolt of lightning hits you!!! You resist.
You die...

.^## ###...@...........##
### #####..........^#
#^°...^.....#
#)°.........#
##.B..○.....# #^...^.....#
### ##.○^.Z.†..# ^^#
######.####..# #.#
##.Z@.@## ##†.# #^#
#..##### #^.^# ##.# ##.##
####...# ##..#
#.#######......#
#^.#######..##..........##
##..^..#..#.............^#
####...^.###............#
##.....#.............#
##..#.#.............#


You could see Nikola and a boulder beetle simulacrum.

Vanquished Creatures
  Arachne (Spider:2)
  Jorgrun (Spider:2)
  2 ghost moths (Spider:2)
  The ghost of Abstruse the Severer, a journeyman MiFi of Trog (Spider:2)
  3 broodmothers
  Azrael (Spider:2)
  4 spark wasps
  A quicksilver dragon zombie (D:15)
  A fire dragon (D:15)
  5 vault guards (D:13)
  4 entropy weavers
  2 ogre magi (D:13)
  A jorogumo (Spider:3)
  6 hydras
  7 centaur warriors
  4 radroaches
  8 death yaks
  2 catoblepae
  3 two-headed ogres
  2 tengu warriors (D:15)
  4 boulder beetles
  A vampire mage (D:15)
  4 thrashing horrors (Lair:5)
  2 occultists
  5 orc high priests (Orc:2)
  4 demonic crawlers
  Sonja (D:11)
  A deep elf knight (D:13)
  2 skysharks
  3 pharaoh ants (Spider:3)
  7 skeletal warriors (D:15)
  2 steelbarb worms
  3 orb spiders
  A deep elf archer (D:13)
  2 orc knights
  A lindwurm (Lair:4)
  A necromancer (D:15)
  19 wolf spiders
  6 cyclopes
  3 orc sorcerers (Orc:2)
  12 ugly things
  A deep elf pyromancer (D:12)
  An oklob plant (Lair:5)
  3 large abominations (Lair:5)
  2 manticores
  7 elephants
  A moth of wrath (Spider:2)
  4 kobold blastminers (Orc:1)
  4 meliai
  2 torpor snails
  3 black mambas
  14 cane toads
  Maggie (D:6)
  7 komodo dragons
  7 rime drakes
  7 gargoyles
  A freezing wraith (D:15)
  A yaktaur (D:13)
  Psyche (D:11)
  An efreet (D:14)
  2 tengu conjurers
  10 trolls
  2 hornets (D:9)
  3 polar bears (Lair:5)
  A raiju (Lair:5)
  30 tarantellas
  25 blink frogs
  A spriggan zombie (D:15)
  2 spriggans (Lair:5)
  A jumping spider (shapeshifter) (D:15)
  6 culicivoras
  8 slime creatures
  3 ynoxinuls (Lair:5)
  Sigmund (D:2)
  26 jumping spiders
  3 shadows
  2 wraiths
  A spriggan (shapeshifter) (Lair:5)
  6 water elementals
  3 wargs
  64 yaks
  3 fire elementals (Spider:2)
  5 wyverns
  8 basilisks
  2 steam dragons
  25 redbacks
  13 vampire mosquitoes
  A chaos spawn (Lair:5)
  Duvessa (D:6)
  6 acid dragons
  3 hell hounds (Spider:2)
  15 water moccasins
  An ice beast (D:7)
  25 orc warriors
  4 black bears
  A tengu (shapeshifter) (Lair:5)
  6 ogres
  10 small abominations (Lair:5)
  5 boggarts (D:15)
  7 wolves
  14 centaurs
  A phantom (D:7)
  Blork the orc (D:5)
  2 kobold brigands (D:10)
  13 bullfrogs
  2 gnoll sergeants
  3 scorpions
  3 jellies
  13 wights
  Dowan (D:6)
  A yak zombie (D:10)
  2 killer bees
  7 electric eels
  2 howler monkeys (D:9)
  A bombardier beetle (D:4)
  8 hounds
  35 orc priests
  A gnoll bouda (D:9)
  3 sleepcaps
  3 iguanas
  Natasha (thrice) (D:2)
  41 orc wizards
  13 gnolls
  5 adders
  2 white imps (D:7)
  2 ufetubi (D:4)
  2 dart slugs
  5 ribbon worms
  68 orcs
  7 ball pythons
  6 endoplasms
  6 giant cockroaches
  8 goblins
  8 hobgoblins
  3 jackals (D:3)
  A quokka (D:3)
  5 bats
  6 frilled lizards
  16 kobolds
  2 kobold zombies (D:10)
  3 orc zombies (D:10)
  9 rats
  3 fulminant prisms
892 creatures vanquished.

Vanquished Creatures (collateral kills)
  A yak (D:10)
1 creature vanquished.

Vanquished Creatures (others)
  A torpor snail (Spider:2)
  2 yak zombies (D:10)
  An orc zombie (D:10)
  172 fulminant prisms
176 creatures vanquished.

Grand Total: 1069 creatures vanquished

Notes
Turn   | Place    | Note
-------+----------+-------------------------------------------
     0 | D:1      | Morkon the Djinni Conjurer began the quest for the Orb.
     0 | D:1      | Morkon set off with the following spells memorised: Magic
                  | Dart, Searing Ray, Fulminant Prism, Iskenderun's Mystic
                  | Blast.
     0 | D:1      | Reached XP level 1. HP: 15/15 MP: 0/0
   109 | D:1      | Reached XP level 2. HP: 11/22 MP: 0/0
   150 | D:1      | Reached skill level 1 in Fighting
   293 | D:1      | Found a faded altar of an unknown god.
   436 | D:1      | Reached XP level 3. HP: 27/27 MP: 0/0
   436 | D:1      | Learned a level 1 spell: Shock
   732 | D:1      | Found a broken altar of Ashenzari.
   789 | D:2      | Reached skill level 4 in Alchemy
   932 | D:2      | Noticed Natasha
   940 | D:2      | Killed Natasha
   941 | D:2      | Reached XP level 4. HP: 26/34 MP: 0/0
  1091 | D:2      | Noticed Natasha
  1098 | D:2      | Killed Natasha
  1174 | D:2      | You are sucked into a shaft and drop 2 floors!
  1213 | D:3      | Reached XP level 5. HP: 34/39 MP: 0/0
  1213 | D:3      | Learned a level 2 spell: Static Discharge
  1268 | D:2      | Noticed Natasha
  1274 | D:2      | Killed Natasha
  1523 | D:2      | Noticed Sigmund
  1534 | D:2      | Killed Sigmund
  1535 | D:2      | Reached skill level 5 in Spellcasting
  1535 | D:2      | Reached skill level 5 in Conjurations
  1535 | D:2      | Reached skill level 5 in Hexes
  1535 | D:2      | Reached skill level 5 in Summonings
  1535 | D:2      | Reached skill level 5 in Necromancy
  1535 | D:2      | Reached skill level 5 in Translocations
  1535 | D:2      | Reached skill level 5 in Fire Magic
  1535 | D:2      | Reached skill level 5 in Ice Magic
  1535 | D:2      | Reached skill level 5 in Air Magic
  1535 | D:2      | Reached skill level 5 in Earth Magic
  1535 | D:2      | Reached skill level 5 in Alchemy
  1535 | D:2      | Reached XP level 6. HP: 29/46 MP: 0/0
  1656 | D:2      | Found a stormy altar of Qazlal.
  1667 | D:2      | Became a worshipper of Qazlal Stormbringer
  2476 | D:3      | Found a glowing silver altar of Zin.
  2476 | D:3      | Noticed an angel
  2754 | D:4      | Reached * piety under Qazlal
  2755 | D:4      | Reached XP level 7. HP: 45/50 MP: 0/0
  2755 | D:4      | Learned a level 3 spell: Frozen Ramparts
  2837 | D:4      | Noticed a steam dragon
  2845 | D:4      | Killed a steam dragon
  2846 | D:4      | Reached skill level 6 in Alchemy
  3089 | D:4      | Reached skill level 7 in Alchemy
  3089 | D:4      | Reached XP level 8. HP: 42/56 MP: 0/0
  3144 | D:4      | Found a broken altar of Ashenzari.
  3213 | D:4      | Found Padic's Book Emporium.
  3476 | D:4      | Reached ** piety under Qazlal
  3775 | D:5      | Entered Level 5 of the Dungeon
  3789 | D:5      | Noticed Blork the orc
  3792 | D:5      | Killed Blork the orc
  3856 | D:5      | Reached skill level 8 in Alchemy
  4010 | D:5      | Identified the maw talisman of Mysticism {rPois rCorr
                  | Str-5}
  4306 | D:5      | Found a sparkling altar of Nemelex Xobeh.
  4400 | D:6      | Reached XP level 9. HP: 51/61 MP: 0/0
  4400 | D:6      | Learned a level 4 spell: Martyr's Knell
  4499 | D:6      | Noticed Dowan
  4499 | D:6      | Noticed Duvessa
  4510 | D:6      | Killed Duvessa
  4511 | D:6      | Killed Dowan
  4630 | D:6      | Identified the +0 robe of Anaesthesia {Harm Rampage rF-
                  | SInv}
  4669 | D:6      | Noticed Maggie
  4675 | D:6      | Killed Maggie
  4676 | D:6      | Reached skill level 5 in Fighting
  4676 | D:6      | Reached skill level 9 in Alchemy
  5930 | D:7      | Found an opulent altar of Gozag.
  6036 | D:7      | Found a staircase to the Ecumenical Temple.
  6167 | D:8      | Reached XP level 10. HP: 49/70 MP: 0/0
  6176 | D:8      | Reached skill level 1 in Invocations
  6176 | D:8      | Reached skill level 1 in Evocations
  6400 | D:8      | Reached skill level 10 in Spellcasting
  6400 | D:8      | Reached skill level 10 in Conjurations
  6400 | D:8      | Reached skill level 10 in Hexes
  6400 | D:8      | Reached skill level 10 in Summonings
  6400 | D:8      | Reached skill level 10 in Necromancy
  6400 | D:8      | Reached skill level 10 in Translocations
  6400 | D:8      | Reached skill level 10 in Fire Magic
  6400 | D:8      | Reached skill level 10 in Ice Magic
  6400 | D:8      | Reached skill level 10 in Air Magic
  6400 | D:8      | Reached skill level 10 in Earth Magic
  6400 | D:8      | Reached skill level 10 in Alchemy
  6501 | D:8      | Reached skill level 1 in Shields
  6741 | D:8      | Noticed a two-headed ogre
  6752 | D:8      | Killed a two-headed ogre
  6924 | D:8      | Found a shimmering altar of Xom.
  6931 | D:8      | Found a glowing golden altar of the Shining One.
  7046 | D:8      | Reached *** piety under Qazlal
  7720 | D:9      | Reached XP level 11. HP: 30/78 MP: 0/0
  7720 | D:9      | Learned a level 4 spell: Animate Dead
  8538 | D:9      | Reached skill level 5 in Invocations
  8538 | D:9      | Reached skill level 5 in Evocations
  8543 | D:9      | Identified the ring of the Hurtling Jester {Str+2 Dex+6}
  9034 | D:10     | Entered Level 10 of the Dungeon
  9047 | D:10     | Reached **** piety under Qazlal
  9614 | D:10     | Reached skill level 11 in Alchemy
  9884 | D:10     | Reached ***** piety under Qazlal
 10203 | D:11     | Reached XP level 12. HP: 64/87 MP: 0/0
 10207 | D:11     | Noticed Sonja
 10360 | D:11     | Noticed Psyche
 10371 | D:11     | Killed Psyche
 10812 | D:11     | Noticed Consumeair16's ghost (journeyman OnGl)
 10820 | D:11     | Killed Sonja
 10830 | D:11     | Found a transporter.
 11023 | D:11     | Found a staircase to the Orcish Mines.
 11157 | D:11     | Reached skill level 5 in Shields
 11424 | D:11     | Found a staircase to the Lair.
 11455 | D:11     | Found a transporter.
 11763 | Lair:1   | Entered Level 1 of the Lair of Beasts
 12310 | Lair:1   | Reached skill level 10 in Fighting
 12562 | Orc:1    | Entered Level 1 of the Orcish Mines
 12575 | D:11     | Reached XP level 13. HP: 54/96 MP: 0/0
 12575 | D:11     | Learned a level 5 spell: Lee's Rapid Deconstruction
 12720 | Orc:1    | Reached skill level 10 in Invocations
 13211 | Orc:1    | Found Toguonkexots's Magic Scroll Shoppe.
 13747 | D:4      | Bought a manual of Armour for 880 gold pieces
 13965 | Orc:1    | Bought a scroll of identify for 36 gold pieces
 13993 | Orc:2    | Entered Level 2 of the Orcish Mines
 14006 | Orc:2    | Reached skill level 12 in Alchemy
 15229 | Orc:2    | Reached ****** piety under Qazlal
 15386 | Orc:2    | Reached skill level 1 in Armour
 15573 | Orc:2    | Reached skill level 13 in Alchemy
 15843 | Orc:2    | Found a staircase to the Elven Halls.
 16267 | Orc:2    | Found Luzeuc's Magic Scroll Shop.
 16267 | Orc:2    | Found Bies's Assorted Antiques.
 16269 | Orc:2    | Found Zofe's Armour Boutique.
 16277 | Orc:2    | Found Ujugiast's Antique Armour Boutique.
 16294 | Orc:2    | Bought a dented zirconium amulet for 180 gold pieces
 16296 | Orc:2    | Bought a scroll of identify for 24 gold pieces
 16296 | Orc:2    | Bought a scroll of identify for 24 gold pieces
 16296 | Orc:2    | Bought a scroll of blinking for 90 gold pieces
 16611 | Orc:1    | Bought a scroll of identify for 36 gold pieces
 16611 | Orc:1    | Bought a scroll of identify for 36 gold pieces
 16820 | Lair:2   | Reached XP level 14. HP: 45/105 MP: 0/0
 17989 | Lair:3   | Reached skill level 5 in Armour
 18223 | Lair:3   | Found a hole to the Spider Nest.
 18340 | Lair:3   | Found a staircase to the Swamp.
 18748 | Lair:3   | Found a transporter.
 18750 | Lair:3   | Found a transporter.
 18855 | Lair:3   | Noticed jimmypageman's ghost (journeyman MiFi)
 19658 | Lair:4   | Reached skill level 14 in Alchemy
 20116 | Lair:4   | Reached skill level 5 in Dodging
 20807 | Lair:5   | Entered Level 5 of the Lair of Beasts
 20897 | Lair:5   | Reached XP level 15. HP: 66/112 MP: 0/0
 20897 | Lair:5   | Learned a level 6 spell: Starburst
 21561 | Lair:5   | Reached skill level 10 in Armour
 21664 | Lair:5   | Reached skill level 15 in Alchemy
 22018 | Lair:5   | Found a viscous altar of Jiyva.
 22047 | Lair:5   | Found a staircase to the Slime Pits.
 22629 | Lair:5   | Found a corrupted altar of Lugonu.
 22629 | Lair:5   | Found a one-way gate to the infinite horrors of the Abyss.
 23353 | Orc:2    | Bought a shiny ring mail for 161 gold pieces
 25268 | D:13     | HP: 2/112 [boulder beetle (41)]
 25644 | D:13     | Reached skill level 16 in Alchemy
 25720 | D:13     | Reached XP level 16. HP: 82/118 MP: 0/0
 26158 | D:13     | Found a gate to the Vaults.
 26409 | D:13     | Identified the staff "Wyaruck" {Fly rC+ Int+5 Dex-5 SInv
                  | Ice}
 27284 | D:14     | Found Jidghaxt's CLEARANCE SALE!.
 27340 | D:15     | Entered Level 15 of the Dungeon
 28378 | D:15     | Found a staircase to the Depths.
 28612 | D:15     | Identified the +2 robe of Doomed Intercession {Harm Str-4
                  | Slay+2}
 29390 | Spider:1 | Entered Level 1 of the Spider Nest
 29395 | Spider:1 | Reached XP level 17. HP: 103/126 MP: 0/0
 29395 | Spider:1 | Learned a level 7 spell: Orb of Destruction
 29401 | Spider:1 | Reached skill level 17 in Alchemy
 30430 | Orc:2    | Bought the +0 buckler of Bynuak {^Contam rElec Int+5
                  | Slay+2} for 381 gold pieces
 30725 | Spider:1 | You are sucked into a shaft and drop 1 floor!
 30725 | Spider:2 | Noticed Jorgrun
 30726 | Spider:2 | Noticed Arachne
 30741 | Spider:2 | Killed Jorgrun
 30743 | Spider:2 | Killed Arachne
 30751 | Spider:2 | Noticed Azrael
 30756 | Spider:2 | Reached skill level 15 in Spellcasting
 30756 | Spider:2 | Reached skill level 15 in Conjurations
 30756 | Spider:2 | Reached skill level 15 in Hexes
 30756 | Spider:2 | Reached skill level 15 in Summonings
 30756 | Spider:2 | Reached skill level 15 in Necromancy
 30756 | Spider:2 | Reached skill level 15 in Translocations
 30756 | Spider:2 | Reached skill level 15 in Fire Magic
 30756 | Spider:2 | Reached skill level 15 in Ice Magic
 30756 | Spider:2 | Reached skill level 15 in Air Magic
 30756 | Spider:2 | Reached skill level 15 in Earth Magic
 30760 | Spider:2 | Reached skill level 18 in Alchemy
 30761 | Spider:2 | Killed Azrael
 31319 | Spider:2 | Found a runed translucent gate.
 31319 | Spider:2 | Found a runed translucent gate.
 31319 | Spider:2 | Noticed Abstruse's ghost (journeyman MiFi)
 31320 | Spider:2 | Found a runed translucent gate.
 31333 | Spider:2 | Reached skill level 19 in Alchemy
 31340 | Spider:2 | Killed Abstruse's ghost
 31557 | Spider:3 | Reached XP level 18. HP: 128/133 MP: 0/0
 31836 | Spider:3 | Noticed Nikola
 31850 | Spider:3 | Killed from afar by Nikola

Illustrated notes

Levels and vault maps discovered:
D:1:      dpeg_arrival_water_altar, layout_loops_ring,
          ebering_ecumenical_altar_abandoned, skrybe_limestone_x
D:2:      wad_river_or_something, layout_basic, basic_altar, uniq_sigmund,
          uniq_natasha
D:3:      layout_basic, zin_angel, lemuel_flame_loot_1
D:4:      layout_gridville, evilmike_ruin_ashenzari, serial_shops, shop,
          serial_bayou_pond_b, grunt_ministairs_1,
          serial_library_hellmonk_long_bookcase, amcnicky_mini_pool_small
D:5:      layout_basic, nemelex_altar_shiori, uniq_blork_the_orc
D:6:      layout_basic, corexii_corridor_pit, uniq_maggie, uniq_duvessa
D:7:      layout_basic, nicolae_gozag_cash_rules_everything_around_me,
          temple_fountains
D:8:      layout_loops_corners, grunt_temple_overflow_open,
          kb_lookout_dungeons_type
D:9:      layout_big_octagon, onia_ninara_cookie
D:10:     layout_rooms
D:11:     layout_cave_pods, erik_lair_island, gammafunk_ghost_stat_death,
          uniq_psyche, uniq_sonja
D:12:     layout_basic
D:13:     layout_basic, grunt_vaults_entry_fortified,
          minmay_mirror_moons_of_madness
D:14:     layout_basic, nicolae_tricolors, nicolae_shop_clearance
D:15:     gammafunk_depths_entry_grave, layout_cave_pods,
          minmay_splitting_lines, kb_rosetta
Lair:1:   layout_roguey, serial_bayou_shore_a
Lair:2:   layout_roguey, grunt_megastairs_5, serial_bayou_shore_b,
          serial_bayou_shore_b
Lair:3:   layout_cave_shapes, swamp_mist, spider_nest_entry_a,
          nzn_ghost_randoct, serial_bayou_lagoon_b, grunt_megastairs_4
Lair:4:   layout_roguey
Lair:5:   hellmonk_lair_end_abyssal_woods, layout_regular_city, slime_entry_1,
          chequers_serial_rivers_room_b, minmay_lair_oklob_bushes,
          cheibrodos_lair_lostbears, infiniplex_staircase_pool_2
Spider:1: layout_spider_delve
Spider:2: nicolae_spider_mines_3, gammafunk_ghost_split,
          nicolae_spider_moth_buddies, uniq_arachne, uniq_jorgrun, uniq_azrael
Spider:3: layout_cave_pods, uniq_nikola
Orc:1:    layout_diamond_mine, serial_shops, shop, nicolae_volcano_entry_s_turn
Orc:2:    st_orc_mages, layout_diamond_mine

Skill      XL: |  1  2  3  4  5  6  7  8  9 10 11 12 13 14 15 16 17 18 |
---------------+-------------------------------------------------------+-----
Fighting       | 1 2 3 5 6 8 10 11 12 13 | 13.4
Spellcasting   | 4 5 7 8 9 10 11 12 13 14 15 16 | 16.2
Conjurations   | 4 5 7 8 9 10 11 12 13 14 15 16 | 16.2
Hexes          | 4 5 7 8 9 10 11 12 13 14 15 16 | 16.2
Summonings     | 4 5 7 8 9 10 11 12 13 14 15 16 | 16.2
Necromancy     | 4 5 7 8 9 10 11 12 13 14 15 16 | 16.2
Translocations | 4 5 7 8 9 10 11 12 13 14 15 16 | 16.2
Fire Magic     | 4 5 7 8 9 10 11 12 13 14 15 16 | 16.2
Ice Magic      | 4 5 7 8 9 10 11 12 13 14 15 16 | 16.2
Air Magic      | 4 5 7 8 9 10 11 12 13 14 15 16 | 16.2
Earth Magic    | 4 5 7 8 9 10 11 12 13 14 15 16 | 16.2
Alchemy        | 4 5 7 8 9 10 11 13 14 16 19 | 19.8
Invocations    | 4 7 9 11 12 | 12.0
Evocations     | 4 5 7 |  7.8
Shields        | 1 2 5 6 8 9 |  9.2
Armour         | 2 9 12 | 12.4
Dodging        | 5 6 8 9 |  9.3
Stealth        | |  1.5

Action                     |  1- 3 |  4- 6 |  7- 9 | 10-12 | 13-15 | 16-18 || total
---------------------------+-------+-------+-------+-------+-------+-------++-------
  Melee: Unarmed           |     1 |       |     1 |     6 |     1 |       ||     9
         Short sword       |       |       |       |       |   116 |     1 ||   117
         Staff             |       |       |       |       |       |     4 ||     4
  Throw: Dart              |       |       |       |       |     3 |     7 ||    10
   Cast: Magic Dart        |    70 |    35 |    33 |    29 |    20 |       ||   187
         Searing Ray       |     3 |     4 |     1 |     1 |       |       ||     9
         Shock             |       |    39 |    94 |   135 |    47 |     2 ||   317
         Static Discharge  |       |     7 |    41 |    17 |    12 |     6 ||    83
         Frozen Ramparts   |       |       |    22 |    17 |    10 |     3 ||    52
         Martyr's Knell    |       |       |     6 |     5 |       |       ||    11
         Fulminant Prism   |       |       |     5 |    58 |    77 |    35 ||   175
         Iskenderun's Myst |       |       |       |    94 |   141 |   124 ||   359
         Animate Dead      |       |       |       |     2 |       |       ||     2
         Lee's Rapid Decon |       |       |       |       |   186 |   167 ||   353
         Starburst         |       |       |       |       |     3 |       ||     3
         Orb of Destructio |       |       |       |       |       |    52 ||    52
 Invoke: Upheaval          |       |       |       |       |     1 |       ||     1
         Disaster Area     |       |       |       |       |       |     1 ||     1
  Evoke: Wand              |       |       |       |     2 |       |       ||     2
    Use: Scroll            |       |       |       |       |    23 |     7 ||    30
         Potion            |       |       |       |       |     1 |     2 ||     3
 Armour: Robe              |     6 |    19 |    87 |    94 |   131 |     7 ||   344
         Troll leather arm |       |       |       |       |       |    74 ||    74
  Dodge: Dodged            |    10 |     9 |    19 |    47 |   107 |    55 ||   247
         Repelled          |       |       |       |     1 |     4 |     2 ||     7
  Block: Other             |       |       |     6 |    18 |       |       ||    24
         Buckler           |       |       |       |     8 |   171 |    74 ||   253
